 Dungeon Crawl Stone Soup version 0.28-a0-1152-g9c71ebef14 (webtiles) character file.

Game seed: 5897673643179662970

2429 gugly88 the Cleaver (level 9, -9/81 HPs)
             Began as a Deep Dwarf Fighter on Dec 14, 2021.
             Was a Priest of Zin.
             Mangled by a two-headed ogre (26 damage)
             ... on level 8 of the Dungeon on Dec 24, 2021.
             The game lasted 00:28:56 (3406 turns).

gugly88 the Cleaver (Deep Dwarf Fighter)            Turns: 3406, Time: 00:28:57

Health: -9/81      AC: 14    Str: 37    XL:     9   Next: 24%
Magic:  8/8        EV: 10    Int:  8    God:    Zin [***...]
Gold:   172        SH:  5    Dex: 14    Spells: 8/8 levels left

rFire   . . .      SeeInvis .   a - +1 war axe
rCold   . . .      Faith    .   c - +0 buckler
rNeg    . . .      Spirit   .   w - +5 scale mail of Wiuseohi {Str+6 Dex+2}
rPois   .          Reflect  .   (no helmet)
rElec   .          Harm     .   (no cloak)
rCorr   .          Rampage  .   h - +0 pair of gloves
Will    +....                   (no boots)
Stlth   ..........              n - amulet of the acrobat
HPRegen 0.00/turn               i - +6 ring of strength
MPRegen 0.11/turn               t - +4 ring of slaying

@: no status effects
A: damage resistance, heal wounds, sense surroundings 2, no regeneration
a: Heal Wounds, Renounce Religion, Recite, Vitalisation, Imprison, Donate Gold


You were on level 8 of the Dungeon.
You worshipped Zin.
Zin was most pleased with you.
You visited 1 branch of the dungeon, and saw 8 of its levels.

You collected 204 gold pieces.
You donated 32 gold pieces to Zin.

Inventory:

Hand Weapons
 a - a +1 war axe (weapon)
Armour
 c - a +0 buckler (worn)
 h - a +0 pair of gloves (worn)
 w - the +5 scale mail of Wiuseohi (worn) {Str+6 Dex+2}
   (You found it on level 6 of the Dungeon)

   Str:       It affects your strength (+6).
   Dex:       It affects your dexterity (+2).
Jewellery
 i - a +6 ring of strength (left hand)
 n - an amulet of the acrobat (around neck)
 s - a +6 ring of intelligence
 t - a +4 ring of slaying (right hand)
Wands
 e - a wand of digging (7)
Scrolls
 b - a scroll of enchant armour
 f - a scroll of silence {unknown}
 j - 3 scrolls of identify
 m - a scroll of noise {unknown}
 o - a scroll of vulnerability {unknown}
 q - a scroll of holy word {unknown}
 r - a scroll of fog {unknown}
 x - a scroll of amnesia {unknown}
 y - a scroll of summoning {unknown}
 z - a scroll of magic mapping {unknown}
Potions
 d - a potion of might
 g - 2 potions of cancellation {unknown}
 k - a potion of heal wounds {unknown}
 l - 3 potions of degeneration {unknown}
 p - a potion of ambrosia {unknown}
 u - a potion of curing {unknown}
 v - 4 potions of haste


   Skills:
 + Level 5.3 Fighting
 + Level 9.7 Axes
 + Level 7.1 Armour
 + Level 1.0 Stealth
 + Level 5.9 Shields
 + Level 1.2 Invocations


You had 8 spell levels left.
You didn't know any spells.
Your spell library contained the following spells:

 Spells                   Type           Power      Damage    Failure   Level
 Magic Dart               Conj           0%         1d3       58%         1
 Call Imp                 Summ           0%         N/A       73%         2
 Mephitic Cloud           Conj/Pois/Air  0%         N/A       91%         3


Dungeon Overview and Level Annotations

Branches:
Dungeon (8/15)
 Temple: D:4-7         Lair: D:8-11

Altars:
Ashenzari
Trog
Zin

Shops:
D:1 :


Innate Abilities, Weirdness & Mutations

You are resistant to damage.
You can heal yourself by infusing magical energy.
You passively map the area around you.
You do not regenerate.


Message History

You slice the centaur!!
You kill the centaur!
Your Stealth skill increases to level 1!
Things that are here:
a +0 shortbow; 17 arrows; a centaur corpse
j - 3 scrolls of identify (gained 1)
Found a stone staircase leading down.
Found 13 arrows.
There is a stone staircase leading down here.
You hear the slow hiss of a distant avalanche of sand.
Found a stone staircase leading down.
Found 10 gold pieces and a scroll labelled VUREAR JUIWN.
A two-headed ogre comes into view. It is wielding two +0 giant clubs.
You see here 10 gold pieces.
The two-headed ogre hits you with a +0 giant club!
You block the two-headed ogre's attack.
You slash the two-headed ogre!
The two-headed ogre is moderately wounded.
A sky beast comes into view.
You block the two-headed ogre's attack. The two-headed ogre closely misses you.
You barely miss the two-headed ogre.
The two-headed ogre is moderately wounded.
You slash the two-headed ogre!
The two-headed ogre is heavily wounded.
The two-headed ogre hits you with a +0 giant club!!
The two-headed ogre barely misses you.
The sky beast flickers out of sight!
Deactivating autopickup; reactivate with Ctrl-A.
You slash the two-headed ogre!
The two-headed ogre is severely wounded.
You barely miss something.
The two-headed ogre hits you with a +0 giant club!
* * * LOW HITPOINT WARNING * * *
You block the two-headed ogre's attack. Something hits you.
Something shocks you.
* * * LOW HITPOINT WARNING * * *
You barely miss the two-headed ogre.
The two-headed ogre is severely wounded.
You miss something. Something hits you but does no damage.
The two-headed ogre hits you with a +0 giant club!!
You die...

, , , , ** , ...# ,
,, , # ,.... ∩ ,, ,
, #. ...# * ..
.##..# * , , , * .
,....# * , * * ,.
,...## *, ,
#.##O..## +#*
#.#.@...# #.#
#.......# #.#
###.....######.#####
##$..##..........
##.###.# .....#*
#.###.# #....#
#...#.###..#
###........#,#
###>####.#.#


You could see a two-headed ogre.

Vanquished Creatures
  A two-headed ogre (D:6)
  A wyvern (D:7)
  A steam dragon (D:7)
  An orc warrior (D:6)
  2 ice beasts
  2 black bears
  A sky beast (D:6)
  An ogre (D:5)
  A centaur (D:8)
  2 kobold brigands
  A bullfrog (D:7)
  2 scorpions
  A water moccasin skeleton (D:7)
  A bullfrog zombie (D:6)
  4 hounds
  A bullfrog skeleton (D:5)
  A centaur skeleton (D:7)
  2 orc priests
  2 iguanas
  An orc wizard (D:7)
  A howler monkey zombie (D:7)
  4 adders
  A shadow imp (D:6)
  12 orcs
  6 endoplasms
  4 giant cockroaches
  4 goblins
  6 hobgoblins
  4 jackals (D:2)
  12 kobolds
  4 quokkas
  7 ball pythons
  6 bats
  2 frilled lizards
  A rat (D:1)
103 creatures vanquished.

Vanquished Creatures (others)
  4 fungi (D:1)
  2 plants (D:1)
6 creatures vanquished.

Grand Total: 109 creatures vanquished

Notes
Turn   | Place    | Note
-------+----------+-------------------------------------------
     0 | D:1      | gugly88 the Deep Dwarf Fighter began the quest for the Orb.
     0 | D:1      | Reached XP level 1. HP: 20/20 MP: 1/1
    44 | D:1      | Found Montuloe's Book Emporium.
    55 | D:1      | Found a faded altar of an unknown god.
    92 | D:1      | Prayed at the altar of an unknown god.
    92 | D:1      | Became a worshipper of Zin the Law-Giver
    92 | D:1      | Reached * piety under Zin
   270 | D:1      | Reached XP level 2. HP: 22/27 MP: 2/2
   548 | D:2      | Donated 12 gold pieces to Zin
   629 | D:2      | Reached XP level 3. HP: 34/34 MP: 3/3
   710 | D:2      | Reached skill level 3 in Axes
   972 | D:3      | Reached XP level 4. HP: 42/42 MP: 4/4
  1178 | D:3      | Noticed a kobold brigand
  1189 | D:3      | Noticed a kobold brigand
  1197 | D:3      | Killed a kobold brigand
  1198 | D:3      | Reached skill level 4 in Axes
  1198 | D:3      | Reached XP level 5. HP: 32/49 MP: 5/5
  1763 | D:4      | Found a bloodstained altar of Trog.
  1867 | D:4      | Noticed an ice beast
  1882 | D:4      | Killed an ice beast
  2021 | D:5      | Entered Level 5 of the Dungeon
  2029 | D:5      | Reached XP level 6. HP: 56/56 MP: 6/6
  2045 | D:5      | Reached skill level 5 in Axes
  2065 | D:5      | Reached ** piety under Zin
  2158 | D:5      | Reached skill level 5 in Armour
  2242 | D:6      | Reached XP level 7. HP: 61/63 MP: 7/7
  2266 | D:6      | Noticed a two-headed ogre
  2283 | D:6      | Killed a two-headed ogre
  2284 | D:6      | Reached skill level 7 in Axes
  2284 | D:6      | Reached skill level 1 in Invocations
  2284 | D:6      | Reached XP level 8. HP: 30/73 MP: 7/7
  2306 | D:6      | Reached skill level 8 in Axes
  2312 | D:6      | Reached skill level 5 in Shields
  2411 | D:6      | Identified the +5 scale mail of Wiuseohi {Str+6 Dex+2}
  2740 | D:7      | Reached *** piety under Zin
  2799 | D:7      | Reached skill level 9 in Axes
  2830 | D:7      | Found a broken altar of Ashenzari.
  2926 | D:7      | Gained mutation: You passively map the area around you.
                  | [Deep Dwarf growth]
  2926 | D:7      | Reached XP level 9. HP: 74/80 MP: 8/8
  3002 | D:7      | Reached skill level 5 in Fighting
  3335 | D:8      | Reached skill level 1 in Stealth
  3397 | D:8      | Noticed a two-headed ogre
  3406 | D:8      | Mangled by a two-headed ogre

Illustrated notes

Levels and vault maps discovered:
D:1:      amcnicky_arrival_flooded_fountain, layout_loops_ring, serial_shops,
          nicolae_shop_waterfront, shapermc_ecumenical_altar_ellora
D:2:      layout_loops_corners, serial_shops, shop, uniq_jessica
D:3:      cheibrodos_thug_alley, layout_basic, uniq_crazy_yiuf_cottage
D:4:      layout_loops_ring, lightli_temple_of_fire
D:5:      layout_basic, hex_large
D:6:      minmay_recursive_quarters, layout_rooms, mainiacjoe_overflow_alcove_1,
          nicolae_uskayaw_dance_studio, temple_doors_e, sigmund_edmund_badplayer
D:7:      layout_loops_corners, evilmike_ruin_ashenzari
D:8:      layout_loops_corners, enter_ossuary_3, uniq_grum

Skill      XL: |  1  2  3  4  5  6  7  8  9 |
---------------+----------------------------+-----
Fighting       | 3 4 5 |  5.3
Axes           | 3 4 5 7 9 |  9.7
Armour         | 4 5 6 7 |  7.1
Shields        | 4 5 |  5.9
Invocations    | 1 |  1.2
Stealth        | 1 |  1.0

Action                   |  1- 3 |  4- 6 |  7- 9 || total
-------------------------+-------+-------+-------++-------
Melee: War axe           |   143 |   113 |   132 ||   388
Invok: Donate Gold       |     1 |       |       ||     1
       Recite            |     1 |       |       ||     1
       Vitalisation      |       |     1 |       ||     1
 Abil: Heal Wounds       |     4 |     4 |     7 ||    15
  Use: Scroll            |       |       |     6 ||     6
       Potion            |       |       |     1 ||     1
Armor: Scale mail        |    73 |    44 |    61 ||   178
Dodge: Dodged            |    88 |    53 |    70 ||   211
Block: Buckler           |    35 |    23 |    44 ||   102

Table legend: (Time is in decaauts)
 A = Elapsed time spent in this place.
 B = Non-inter-level travel time spent in this place.
 C = Inter-level travel time spent in this place.
 D = Time resting spent in this place.
 E = Time spent auto-exploring this place.
 F = Levels seen in this place.
 G = Mean time per level.
                   A        B        C        D        E       F      G
               +--------+--------+--------+--------+--------+-----+--------+
         Total |   3501 |   1001 |   2500 |      0 |      0 |   8 |  437.6 |
       Dungeon |   3501 |   1001 |   2500 |      0 |      0 |   8 |  437.6 |
               +--------+--------+--------+--------+--------+-----+--------+

Top non-repeatable levels by time:
     D:3: 925 daAuts
     D:7: 597 daAuts
     D:1: 531 daAuts
     D:6: 459 daAuts
     D:2: 321 daAuts
     D:4: 321 daAuts
     D:5: 211 daAuts
     D:8: 134 daAuts
